 Dungeon Crawl Stone Soup version 0.21.1-1-g345015fe64 (webtiles) character file.

382077 ImError the Warrior (level 21, -7/180 HPs)
             Began as a Demonspawn Berserker on July 1, 2018.
             Was a High Priest of Trog.
             Mangled by Mennas
             ... wielding a +2 eudemon blade of holy wrath
              (8 damage)
             ... on level 2 of the Vaults on July 2, 2018.
             The game lasted 03:53:20 (53495 turns).

ImError the Warrior (Demonspawn Berserker)         Turns: 53495, Time: 03:53:20

Health: -7/180     AC: 35    Str: 26    XL:     21   Next: 92%
Magic:  21/21      EV:  9    Int:  9    God:    Trog [*****.]
Gold:   1468       SH: 25    Dex: 18    Spells: 20/20 levels left

rFire    + + .     SeeInvis +   W - +8 demon whip (elec)
rCold    + + .     Gourm    .   C - +2 shield {AC+3}
rNeg     . . .     Faith    .   Z - +2 plate armour {MR+}
rPois    +         Spirit   .   o - +0 helmet {SInv}
rElec    .         Reflect  +   a - scarf {rC+ rF+}
rCorr    .         Harm     .   K - +0 pair of gloves "Piufaes" {rPois Str+4}
MR       +++..                  (boots unavailable)
Stlth    ..........             T - brooch of Shielding {Reflect SH+8}
HPRegen  0.40/turn              M - ring of protection from magic
MPRegen  0.17/turn              I - ring of protection from cold

@: about to teleport, sanguine armour, berserk cooldown, slowed, glowing, very
slow
A: talons 3, fire resistance 1, foul stench 2, spiny 2, rot immunity, sanguine
armour 2
}: 2/15 runes: serpentine, barnacled
a: Berserk, Trog's Hand, Brothers in Arms, Burn Spellbooks, Renounce Religion


You were on level 2 of the Vaults.
You worshipped Trog.
Trog was extremely pleased with you.
You were very hungry.

You visited 6 branches of the dungeon, and saw 33 of its levels.
You also visited: Bailey and Ice Cave.

You collected 3247 gold pieces.
You spent 1779 gold pieces at shops.

Inventory:

Hand Weapons
 t - a +1 antimagic eveningstar
 W - a +8 demon whip of electrocution (weapon)
Missiles
 j - 12 javelins of penetration (quivered)
Armour
 a - a scarf of resistance (worn)
 b - the +2 large shield of Insecurity {*Drain Str+4 Int+7}
   (You found it on level 1 of the Shoals)

   It affects your strength (+4).
   It affects your intelligence (+7).
   It causes draining when unequipped.
 o - a +0 helmet of see invisible (worn)
 C - a +2 shield of protection (worn)
 K - the +0 pair of gloves "Piufaes" (worn) {rPois Str+4}
   (You acquired it on level 2 of the Orcish Mines)

   It affects your strength (+4).
   It protects you from poison.
 U - a scarf of spirit shield
 Z - a +2 plate armour of magic resistance (worn)
Jewellery
 s - an uncursed ring of protection from fire
 v - a +4 ring of protection
 F - an uncursed ring of poison resistance
 I - a ring of protection from cold (right hand)
 M - a ring of protection from magic (left hand)
 O - an uncursed ring of see invisible
 Q - a +5 ring of evasion
 S - an uncursed ring of resist corrosion
 T - the brooch of Shielding (around neck) {Reflect SH+8}
   (You took it off a merfolk on level 4 of the Shoals)

   [amulet of reflection]

   It shields you and reflects attacks.
   It affects your SH (+8).
 V - an uncursed ring of protection from magic
 Y - a +4 ring of strength
Scrolls
 d - 6 scrolls of fear
 e - 4 scrolls of fog
 g - 17 scrolls of remove curse
 k - 3 scrolls of magic mapping
 m - 2 scrolls of torment
 q - 11 scrolls of teleportation
 u - 4 scrolls of immolation
 w - a scroll of enchant armour
 E - a scroll of identify
 G - 5 scrolls of silence
 H - a scroll of summoning
 X - 6 scrolls of blinking
Potions
 f - 6 potions of resistance
 h - 8 potions of brilliance
 i - 15 potions of curing
 l - 2 potions of flight
 n - 5 potions of heal wounds
 r - 5 potions of agility
 x - 4 potions of ambrosia
 z - a potion of berserk rage
 B - 3 potions of cancellation
 D - a potion of magic
 L - 6 potions of haste
 R - 2 potions of lignification
Books
 y - a book of the Warp

   Spells                             Type                      Level
   a - Gell's Gravitas                Translocation                3
   b - Portal Projectile              Hexes/Translocation          3
   c - Force Lance                    Conjuration/Translocation    4
   d - Dispersal                      Translocation                6
   e - Controlled Blink               Translocation                8
   f - Disjunction                    Translocation                8
   Trog disapproves of the use of such an item.
Comestibles
 c - 27 rations
 p - 5 chunks of flesh


   Skills:
 + Level 19.1 Fighting
   Level 9.2(14.0) Axes
 + Level 16.8(17.5) Maces & Flails
 + Level 18.0 Armour
 - Level 1.7 Dodging
 + Level 15.0 Shields
 - Level 1.0 Unarmed Combat


You had 20 spell levels left.
You didn't know any spells.

Dungeon Overview and Level Annotations

Branches:
Dungeon (15/15)            Temple (0/1) D:5            Lair (6/6) D:10
 Shoals (4/4) Lair:2        Snake (4/4) Lair:2        Slime (0/5) Lair:5
    Orc (2/2) D:12            Elf (0/3) Orc:2        Vaults (2/5) D:13
 Depths (0/5) D:15
  Crypt: Vaults:2-3

Altars:
Dithmenos
Hepliaklqana
Nemelex Xobeh
Okawaru
Ru
Trog
Uskayaw
Wu Jian
Zin
Beogh

Shops:
D:5 %*}*   D:9 (   D:13 =*=   D:15 ?   Orc:2 [(:*   Snake:4 :?:

Portals:
Trove: D:11 (give 4 scrolls of blinking)

Annotations:
D:9 Bapho's ghost, novice DrBe
Vaults:2 Mennas


Innate Abilities, Weirdness & Mutations

You have claws for feet.
Your flesh is heat resistant. (rF+)
You frequently emit foul miasma when damaged in melee.
You are mostly covered in sharp spines.
You are immune to rotting.
When seriously injured, your bleeding wounds create thick armour. (AC +9)


Message History

* * * LOW HITPOINT WARNING * * *
The yaktaur shoots a bolt.
The bolt hits your troll!!
Your troll dies!
Your troll's corpse disappears in a puff of smoke!
As you read the scroll of teleportation, it crumbles to dust.
You feel strangely unstable. Mennas closely misses you.
Mennas hits you with an eudemon blade of holy wrath!
* * * LOW HITPOINT WARNING * * *
You convulse!
* * * LOW HITPOINT WARNING * * *
Mennas hits you but does no damage. You block Mennas's attack.
You feel much better.
Mennas hits you with an eudemon blade of holy wrath!!
* * * LOW HITPOINT WARNING * * *
You convulse!!
* * * LOW HITPOINT WARNING * * *
You block Mennas's attack. Mennas is struck by your spines.
Mennas hits you but does no damage. You block Mennas's attack.
Mennas hits you with an eudemon blade of holy wrath!
You die...

#O....+.......
#...O.#.......
#....(#.......
####p.#.......
#...O.+.......
#..#pc#.......
#...p.########
##### #######A###
##...###...###@).##
#.....#.....#.....#
#.....+..8..+.(...#
#...#######)###...#
##..##....))# #..##
##'##..(...# #+##
##..##.#++#.#
#...## #≈≈### #..8#
#≈≈


You could see Mennas, a vault warden, a hell knight, an ogre mage, an ironbrand
convoker, a yaktaur and an ogre.

Vanquished Creatures
  Boris (Vaults:1)
  Saint Roka (Snake:1)
  Polyphemus (Shoals:2)
  Frances (Snake:2)
  2 krakens (Shoals:4)
  Kirke (Lair:6)
  Ilsuiw (Shoals:4)
  6 nagarajas
  An orc warlord (Orc:1)
  6 vault wardens
  Aizul (Shoals:1)
  3 ironheart preservers
  2 blizzard demons (IceCv)
  An ettin (D:15)
  2 fire dragons (Vaults:1)
  10 merfolk javelineers
  13 merfolk impalers
  Josephine (D:13)
  The ghost of abdbla the Unseen, a journeyman SpEn of Dithmenos (Orc:2)
  3 yaktaur captains (Vaults:1)
  12 vault guards
  4 ice dragons
  Erolcha (D:13)
  A rakshasa (Vaults:1)
  3 hydras
  A catoblepas (Shoals:2)
  2 death knights (Vaults:1)
  17 naga warriors
  4 ogre magi
  5 merfolk aquamancers
  3 merfolk avatars
  19 anacondas
  An alligator snapping turtle (Shoals:1)
  3 satyrs (Shoals:4)
  3 centaur warriors
  22 two-headed ogres
  11 death yaks
  Urug (Lair:3)
  A deep troll earth mage (Vaults:1)
  6 shock serpents
  An orc high priest (Orc:2)
  A tengu warrior (D:13)
  2 deep elf knights
  Sonja (Lair:1)
  7 naga sharpshooters
  15 skeletal warriors
  A death drake (shapeshifter) (D:13)
  11 sea snakes
  A shadow wraith (Vaults:2)
  2 glowing orange brains
  4 deep trolls
  7 salamander mystics
  6 lindwurms
  An unseen horror (D:15)
  8 naga ritualists
  5 ironbrand convokers
  3 deep elf archers
  31 ugly things
  10 mana vipers
  A necromancer (Vaults:1)
  12 harpies
  10 orc knights
  4 wolf spiders
  4 orc sorcerers
  A wolf spider zombie (D:12)
  A deep elf mage (D:15)
  14 fauns
  11 manticores
  6 cyclopes
  9 elephants
  13 salamanders
  9 merfolk sirens
  5 water nymphs
  9 guardian serpents
  11 vault sentinels
  A fire giant skeleton (Vaults:1)
  24 naga magi
  41 black mambas
  4 ice statues (IceCv)
  3 gargoyles
  5 torpor snails (Lair:6)
  13 spiny frogs
  5 centaur skeletons
  A komodo dragon (shapeshifter) (Vaults:1)
  2 efreet
  A rime drake (Lair:2)
  2 freezing wraiths (Vaults:2)
  13 yaktaurs
  2 komodo dragons
  2 anaconda simulacra (IceCv)
  9 ice devils (IceCv)
  2 human skeletons (Vaults:1)
  A troll (shapeshifter) (Vaults:1)
  5 trolls
  A tengu conjurer (D:13)
  10 hornets
  32 merfolk
  4 tyrant leeches (Lair:6)
  5 wind drakes
  A polar bear (Lair:5)
  An ettin zombie (Vaults:1)
  A raiju (shapeshifter) (D:15)
  7 blink frogs
  10 slime creatures
  5 snapping turtles
  5 dream sheep
  7 hippogriffs
  7 wraiths
  15 flying skulls (D:15)
  A shadow (D:8)
  A redback (Lair:6)
  A stone giant simulacrum (Vaults:2)
  A human simulacrum (Vaults:2)
  11 wyverns
  A spriggan (D:8)
  A yak (shapeshifter) (Vaults:1)
  46 yaks
  A dire elephant simulacrum (IceCv)
  13 water elementals
  A golden eye (shapeshifter) (Vaults:1)
  A hog (Lair:6)
  5 basilisks
  A steam dragon (D:13)
  A yaktaur simulacrum (Vaults:1)
  2 vampire mosquitoes (D:13)
  43 nagas
  7 wargs
  2 harpy simulacra (IceCv)
  A soldier ant (D:14)
  2 hell hounds (D:10)
  An acid dragon (D:11)
  5 hydra simulacra (IceCv)
  7 porcupines
  2 ice beasts
  50 orc warriors
  18 water moccasins
  A black bear (D:7)
  2 phantoms
  8 sky beasts
  26 centaurs
  13 ogres
  An eye of draining (D:13)
  9 wolves
  11 crocodiles
  Blork the orc (Orc:1)
  18 bullfrogs
  An elf simulacrum (Vaults:1)
  A water moccasin zombie (D:7)
  6 scorpions
  The ghost of Tanis the Shield-Bearer, a weakling DgFi (D:3)
  8 wights
  2 howler monkeys
  6 electric eels
  A bullfrog zombie (D:5)
  3 centaur zombies
  5 crimson imps
  2 quasits
  Crazy Yiuf (D:3)
  4 hounds
  27 orc priests
  A bullfrog skeleton (D:12)
  5 iguanas
  6 jellies
  Jessica (D:8)
  21 orc wizards
  10 worker ants
  11 hell rats
  A hound skeleton (D:8)
  2 worker ant zombies
  4 gnolls
  2 howler monkey skeletons
  7 adders
  4 oozes
  2 adder skeletons
  3 worms
  4 dart slugs
  9 leopard geckos
  104 orcs
  6 bats
  6 giant cockroaches
  4 goblins
  11 hobgoblins
  6 jackals
  4 quokkas
  A ball python skeleton (D:6)
  8 frilled lizards
  A giant cockroach zombie (D:5)
  A jackal skeleton (D:6)
  A jackal zombie (D:5)
  8 kobolds
  2 rats (D:2)
  A fungus (Lair:2)
  2 plants
  3 tentacles (Shoals:3)
1308 creatures vanquished.

Vanquished Creatures (collateral kills)
  Jorgrun (Shoals:2)
  A kraken (Shoals:3)
  A tentacle (Shoals:3)
3 creatures vanquished.

Vanquished Creatures (others)
  A centaur warrior (Vaults:1)
  A deep elf archer (Vaults:1)
  A manticore (Shoals:3)
  A black mamba (Snake:2)
  A human (Lair:6)
  A centaur (Vaults:1)
  An iguana (D:13)
  A hell rat (Lair:5)
  An orc (D:13)
  9 fungi
  19 plants
  32 tentacles
69 creatures vanquished.

Grand Total: 1380 creatures vanquished

Notes
Turn   | Place    | Note
-------+----------+-------------------------------------------
     0 | D:1      | ImError the Demonspawn Berserker began the quest for the Orb.
     0 | D:1      | Reached XP level 1. HP: 18/18 MP: 1/1
   144 | D:1      | Gained mutation: You have sharp toenails. [demonic ancestry]
   144 | D:1      | Reached XP level 2. HP: 24/24 MP: 2/2
   820 | D:1      | Reached skill level 1 in Unarmed Combat
   822 | D:1      | Reached ** piety under Trog
  1008 | D:2      | Gained mutation: You are partially covered in sharp spines. [demonic ancestry]
  1008 | D:2      | Reached XP level 3. HP: 30/30 MP: 3/3
  1210 | D:2      | Reached skill level 4 in Fighting
  1886 | D:3      | Gained mutation: You are mostly covered in sharp spines. [demonic ancestry]
  1886 | D:3      | Reached XP level 4. HP: 19/38 MP: 4/4
  2106 | D:3      | Noticed Tanis's ghost (weakling DgFi)
  2289 | D:3      | Killed Tanis's ghost
  2289 | D:3      | Reached XP level 5. HP: 32/43 MP: 5/5
  2312 | D:3      | Reached skill level 5 in Fighting
  2788 | D:3      | Reached XP level 6. HP: 6/51 MP: 6/6
  2789 | D:3      | Reached *** piety under Trog
  2806 | D:3      | HP: 2/51 [orc/trident (1)]
  3260 | D:3      | Found a runed door.
  3264 | D:3      | Noticed Crazy Yiuf
  3269 | D:3      | Killed Crazy Yiuf
  3427 | D:4      | Found a sacrificial altar of Ru.
  3428 | D:4      | Found a hazy altar of Hepliaklqana.
  3430 | D:4      | Found a glowing silver altar of Zin.
  3430 | D:4      | Found a shadowy altar of Dithmenos.
  3449 | D:4      | Reached skill level 6 in Fighting
  3496 | D:4      | Reached skill level 5 in Axes
  3496 | D:4      | Reached XP level 7. HP: 45/58 MP: 7/7
  3517 | D:4      | Found an iron altar of Okawaru.
  3911 | D:5      | Entered Level 5 of the Dungeon
  4016 | D:5      | Found Ofoditruikim's Armour Boutique.
  4151 | D:5      | Reached skill level 7 in Fighting
  4305 | D:5      | Found Keita's Assorted Antiques.
  4400 | D:5      | Found Janwoum's Gadget Boutique.
  4436 | D:5      | Found Genicy's Food Shop.
  4440 | D:5      | Found Cegumoyg's General Store.
  4517 | D:5      | Found a staircase to the Ecumenical Temple.
  4686 | D:5      | Gained mutation: When seriously injured, your bleeding wounds create armour. (AC +9) [demonic ancestry]
  4686 | D:5      | Reached XP level 8. HP: 48/67 MP: 8/8
  5243 | D:6      | Reached skill level 8 in Fighting
  5368 | D:6      | Reached **** piety under Trog
  5624 | D:6      | Noticed a red ugly thing
  5642 | D:6      | Killed a red ugly thing
  5642 | D:6      | Reached skill level 9 in Fighting
  5642 | D:6      | Gained mutation: When seriously injured, your bleeding wounds create thick armour. (AC +9) [demonic ancestry]
  5642 | D:6      | Reached XP level 9. HP: 19/76 MP: 9/9
  6392 | D:7      | Found an ornate altar of the Wu Jian Council.
  6393 | D:7      | Found a hide-covered altar of Uskayaw.
  6857 | D:8      | Noticed a two-headed ogre
  6866 | D:8      | Killed a two-headed ogre
  6866 | D:8      | Reached skill level 10 in Fighting
  7029 | D:8      | Found a sparkling altar of Nemelex Xobeh.
  7029 | D:8      | Noticed Jessica
  7031 | D:8      | Killed Jessica
  7132 | D:8      | Reached XP level 10. HP: 57/85 MP: 10/10
  7624 | D:9      | Reached skill level 5 in Armour
  8243 | D:9      | Noticed Bapho's ghost (novice DrBe)
  8587 | D:9      | Found Dasihy's Weapon Shop.
  8633 | D:9      | Reached ***** piety under Trog
  9309 | D:10     | Entered Level 10 of the Dungeon
  9337 | D:10     | Reached skill level 11 in Fighting
  9337 | D:10     | Reached XP level 11. HP: 93/93 MP: 11/11
  9352 | D:10     | Noticed a two-headed ogre
  9363 | D:10     | Killed a two-headed ogre
  9751 | D:10     | Found a staircase to the Lair.
  9846 | D:10     | Reached skill level 10 in Armour
 10229 | D:11     | Found a portal to a secret trove of treasure.
 10660 | D:11     | Gained mutation: You are immune to rotting. [demonic ancestry]
 10660 | D:11     | Reached XP level 12. HP: 86/100 MP: 12/12
 10945 | D:11     | Noticed a two-headed ogre
 10949 | D:11     | Killed a two-headed ogre
 11200 | Lair:1   | Entered Level 1 of the Lair of Beasts
 11521 | Lair:1   | Noticed Sonja
 11543 | Lair:1   | Killed Sonja
 13236 | Lair:2   | Found a staircase to the Snake Pit.
 13336 | Lair:2   | Received a gift from Trog
 13615 | Lair:2   | Found a staircase to the Shoals.
 13818 | Lair:3   | Got a bronze chain mail
 13829 | Lair:3   | Identified the +6 chain mail of Slovenliness {Dex+2} (You found it on level 3 of the Lair of Beasts)
 13967 | Lair:3   | Noticed Urug
 13980 | Lair:3   | Killed Urug
 14680 | D:9      | Bought a +2 demon whip of electrocution for 742 gold pieces
 15749 | Lair:5   | Reached skill level 5 in Maces & Flails
 15777 | Lair:5   | Noticed a death yak
 15778 | Lair:5   | Noticed a death yak
 15781 | Lair:5   | Noticed a death yak
 15784 | Lair:5   | Noticed a death yak
 15786 | Lair:5   | Noticed a death yak
 15794 | Lair:5   | Killed a death yak
 15802 | Lair:5   | Killed a death yak
 15812 | Lair:5   | Killed a death yak
 15812 | Lair:5   | Reached XP level 13. HP: 83/106 MP: 13/13
 16179 | Lair:5   | Received a gift from Trog
 16624 | Lair:5   | Found a staircase to the Slime Pits.
 17305 | Lair:6   | Entered Level 6 of the Lair of Beasts
 17707 | Lair:6   | Reached skill level 10 in Maces & Flails
 17756 | Lair:6   | Found a runed door.
 18473 | Lair:6   | Reached skill level 12 in Fighting
 18694 | Lair:6   | Received a gift from Trog
 18894 | Lair:6   | Gained mutation: You may emit foul miasma when damaged in melee. [demonic ancestry]
 18894 | Lair:6   | Reached XP level 14. HP: 99/116 MP: 14/14
 18897 | Lair:6   | Noticed Kirke
 18908 | Lair:6   | Killed Kirke
 19142 | Lair:6   | Reached skill level 13 in Fighting
 20279 | D:12     | Reached ****** piety under Trog
 20629 | D:12     | Found a staircase to the Orcish Mines.
 20719 | D:12     | Received a gift from Trog
 20907 | D:13     | Reached skill level 14 in Fighting
 21014 | D:13     | Found Reahem Goak's Jewellery Shop.
 21030 | D:13     | Noticed Josephine
 21052 | D:13     | Found a flagged portal.
 21073 | D:13     | Killed Josephine
 21086 | Bailey   | Entered a bailey
 21542 | Bailey   | Received a gift from Trog
 22215 | D:13     | Found Taydur's General Store.
 22659 | D:13     | Noticed Erolcha
 22666 | D:13     | Killed Erolcha
 22787 | D:13     | Found a gate to the Vaults.
 22832 | D:13     | Reached XP level 15. HP: 101/127 MP: 15/15
 23144 | D:13     | Found Houvext's Jewellery Shop.
 23488 | D:14     | Received a gift from Trog
 23502 | D:14     | Reached skill level 15 in Fighting
 25221 | D:15     | Entered Level 15 of the Dungeon
 25651 | D:15     | Reached skill level 16 in Fighting
 26085 | D:15     | Received a gift from Trog
 26158 | D:15     | Found the +3 giant club "Skullcrusher" {speed, Str+7}
 26191 | D:15     | Identified 3 scrolls of acquirement
 26480 | D:15     | Found Irops's Magic Scroll Boutique.
 26670 | D:15     | Found a staircase to the Depths.
 26964 | Orc:1    | Entered Level 1 of the Orcish Mines
 27212 | Orc:2    | Entered Level 2 of the Orcish Mines
 27683 | Orc:2    | Paralysed by an orc sorcerer for 4 turns
 27686 | Orc:2    | Noticed an orc warlord
 27709 | Orc:1    | Paralysed by an orc sorcerer for 3 turns
 27895 | Orc:1    | Killed an orc warlord
 27945 | Orc:2    | Received a gift from Trog
 27972 | Orc:2    | Noticed Blork the orc
 28403 | Orc:1    | Killed Blork the orc
 28492 | Orc:2    | Noticed abdbla's ghost (journeyman SpEn)
 28547 | Orc:2    | Killed abdbla's ghost
 28710 | Orc:2    | Found a roughly hewn altar of Beogh.
 28740 | Orc:2    | Found Sigiax's Antique Weapon Shoppe.
 28782 | Orc:2    | Found Untet's General Store.
 28796 | Orc:2    | Received a gift from Trog
 28800 | Orc:2    | Found Ujifet's Antique Armour Shoppe.
 29384 | Orc:2    | Found a staircase to the Elven Halls.
 29585 | Orc:2    | Found Loddebup's Book Shoppe.
 30485 | Snake:1  | Entered Level 1 of the Snake Pit
 30742 | Snake:1  | Gained mutation: You have razor-sharp toenails. [demonic ancestry]
 30742 | Snake:1  | Reached XP level 16. HP: 132/138 MP: 16/16
 30750 | Snake:1  | Received a gift from Trog
 31039 | Snake:1  | Got a pitted brass ring
 31598 | Snake:1  | Reached skill level 5 in Shields
 31891 | Snake:2  | Reached skill level 15 in Armour
 32577 | Snake:2  | Received a gift from Trog
 32666 | Snake:2  | Noticed Frances
 32674 | Snake:2  | Killed Frances
 33269 | Snake:2  | Noticed Saint Roka
 34090 | Snake:1  | Killed Saint Roka
 35297 | Snake:2  | Reached skill level 10 in Shields
 35491 | Snake:3  | Received a gift from Trog
 36305 | Snake:4  | Entered Level 4 of the Snake Pit
 36347 | Snake:4  | Reached XP level 17. HP: 120/145 MP: 10/17
 36567 | Snake:4  | Identified the cursed ring of Biheyr {rElec Int-3} (You took it off a naga on level 1 of the Snake Pit)
 36588 | Snake:4  | Found Wociseme's Magic Scroll Shop.
 36592 | Snake:4  | Found Zaseoqeq's Book Emporium.
 36680 | Snake:4  | Found Xuumenia's Book Shop.
 37328 | Snake:4  | Received a gift from Trog
 39263 | Snake:4  | Received a gift from Trog
 39280 | Snake:4  | Got a serpentine rune of Zot
 39775 | D:13     | Bought an uncursed ring of protection from magic for 350 gold pieces
 39777 | D:13     | Bought an uncursed ring of protection from magic for 350 gold pieces
 39838 | Orc:2    | Got a pair of heavily runed gloves
 39849 | Orc:2    | Identified the +0 pair of gloves "Piufaes" {rPois Str+4} (You acquired it on level 2 of the Orcish Mines)
 40049 | D:5      | Bought a scroll of enchant armour for 195 gold pieces
 40256 | D:15     | Bought a scroll of enchant weapon for 142 gold pieces
 40428 | Shoals:1 | Entered Level 1 of the Shoals
 40977 | Shoals:1 | Got a polished large shield
 41250 | Shoals:1 | Reached skill level 15 in Shields
 41310 | Shoals:1 | Identified the +2 large shield of Insecurity {*Drain Str+4 Int+7} (You found it on level 1 of the Shoals)
 41824 | Shoals:1 | Noticed Aizul
 41842 | Shoals:1 | Killed Aizul
 42206 | Shoals:2 | Reached XP level 18. HP: 150/153 MP: 16/18
 42261 | Shoals:2 | Noticed Jorgrun
 42271 | Shoals:2 | Killed Jorgrun
 42525 | Shoals:2 | Received a gift from Trog
 42528 | Shoals:2 | Reached skill level 17 in Fighting
 42749 | Shoals:2 | Noticed Polyphemus
 42782 | Shoals:2 | Killed Polyphemus
 43319 | Shoals:3 | Found a frozen archway.
 43390 | IceCv    | Entered an ice cave
 43546 | IceCv    | Reached skill level 15 in Maces & Flails
 43911 | IceCv    | Received a gift from Trog
 45499 | Shoals:2 | You fall through a shaft!
 46242 | Shoals:3 | Reached skill level 18 in Fighting
 46242 | Shoals:3 | Gained mutation: Your flesh is heat resistant. (rF+) [demonic ancestry]
 46242 | Shoals:3 | Reached XP level 19. HP: 163/163 MP: 19/19
 46243 | Shoals:3 | Gained mutation: You have claws for feet. [demonic ancestry]
 46243 | Shoals:3 | Reached XP level 20. HP: 171/171 MP: 20/20
 46246 | Shoals:4 | Entered Level 4 of the Shoals
 46258 | Shoals:4 | Found a bloodstained altar of Trog.
 47024 | Shoals:4 | Noticed Ilsuiw
 47046 | Shoals:4 | Killed Ilsuiw
 47046 | Shoals:4 | Received a gift from Trog
 48130 | Shoals:4 | Identified the cursed +3 mace "Mell" {crush, +Rage rElec rN+ MP-9} (You found it on level 4 of the Shoals)
 48222 | Shoals:4 | Received a gift from Trog
 48496 | Shoals:4 | Gained mutation: You frequently emit foul miasma when damaged in melee. [demonic ancestry]
 48496 | Shoals:4 | Reached XP level 21. HP: 155/179 MP: 19/21
 48722 | Shoals:4 | Reached skill level 19 in Fighting
 48727 | Shoals:4 | Got a barnacled rune of Zot
 49920 | Vaults:1 | Entered Level 1 of the Vaults
 50716 | Vaults:1 | Received a gift from Trog
 51987 | Vaults:1 | Received a gift from Trog
 52600 | Vaults:2 | Noticed Boris
 52623 | Vaults:1 | Killed Boris
 52796 | Vaults:2 | Received a gift from Trog
 53457 | Vaults:2 | Noticed Mennas
 53495 | Vaults:2 | HP: 1/180 [Mennas/eudemon blade of holy wrath (29)]
 53495 | Vaults:2 | Mangled by Mennas

Skill      XL: |  1  2  3  4  5  6  7  8  9 10 11 12 13 14 15 16 17 18 19 20 21 |
---------------+----------------------------------------------------------------+-----
Unarmed Combat | 1 |  1.0
Fighting       | 4 5 6 7 9 10 11 12 14 16 18 19 | 19.1
Axes           | 3 4 5 6 8 9 |  9.2
Armour         | 4 9 10 12 14 15 18 | 18.0
Shields        | 4 10 15 | 15.0
Maces & Flails | 6 10 12 13 14 15 16 | 16.8
Dodging        | |  1.7

Action                   |  1- 3 |  4- 6 |  7- 9 | 10-12 | 13-15 | 16-18 | 19-21 || total
-------------------------+-------+-------+-------+-------+-------+-------+-------++-------
Melee: Hand axe          |    88 |    79 |   166 |       |       |       |       ||   333
       Kick              |    15 |    20 |       |       |       |   158 |   505 ||   698
       War axe           |       |       |    67 |    95 |       |       |       ||   162
       Battleaxe         |       |       |       |   173 |       |       |       ||   173
       Punch             |       |       |       |     1 |       |       |       ||     1
       Broad axe         |       |       |       |   102 |       |       |       ||   102
       Demon whip        |       |       |       |    94 |  1573 |  1626 |  1097 ||  4390
       Unarmed           |       |       |       |       |     2 |       |       ||     2
Throw: Javelin           |       |       |       |       |     1 |       |       ||     1
Invok: Berserk           |       |     4 |     3 |     3 |    10 |    14 |     6 ||    40
       Brothers in Arms  |       |       |     1 |     1 |       |     3 |     1 ||     6
       Trog's Hand       |       |       |     1 |       |     4 |     3 |       ||     8
       Burn Spellbooks   |       |       |     1 |       |       |     1 |       ||     2
Evoke: Wand              |       |       |       |     2 |       |       |       ||     2
  Use: Scroll            |       |     4 |       |    22 |    16 |     9 |     5 ||    56
       Potion            |       |       |     2 |     1 |     1 |     3 |     2 ||     9
 Stab: Sleeping          |     3 |       |     3 |     2 |       |       |       ||     8
  Eat: Chunk             |     2 |    10 |    10 |    29 |    38 |    32 |    17 ||   138
       Ration            |       |       |     1 |     1 |     6 |    10 |     3 ||    21
Armor: Animal skin       |    16 |     7 |    72 |    42 |       |       |       ||   137
       Chain mail        |       |       |       |   160 |   546 |       |       ||   706
       Storm dragon scal |       |       |       |       |    15 |   323 |       ||   338
       Skin              |       |       |       |       |       |     2 |       ||     2
       Plate armour      |       |       |       |       |       |   181 |   213 ||   394
Dodge: Dodged            |    45 |    39 |   107 |   184 |   399 |   262 |    99 ||  1135
Block: Buckler           |       |       |       |    46 |   242 |     2 |       ||   290
       Shield            |       |       |       |       |       |   736 |   696 ||  1432
       Reflection        |       |       |       |       |       |       |    64 ||    64
